 Dungeon Crawl Stone Soup version 0.29-a0-23-ga79f92ac9c (webtiles) character file.

Game seed: 12986905966276488334

783 avis the Ruffian (level 7, -4/57 HPs)
             Began as a Hill Orc Transmuter on Jan 30, 2022.
             Was a Follower of Beogh.
             Slain by Pikel (13 damage)
             ... on level 5 of the Dungeon.
             The game lasted 00:30:01 (6264 turns).

avis the Ruffian (Hill Orc Transmuter)              Turns: 6264, Time: 00:30:01

Health: -4/57      AC:  2    Str: 13    XL:     7   Next: 86%
Magic:  11/11      EV: 19    Int: 15    God:    Beogh [*.....]
Gold:   92         SH:  0    Dex: 16    Spells: 2/10 levels left

rFire   . . .      SeeInvis .     - Unarmed
rCold   . . .      Faith    .   (shield currently unavailable)
rNeg    . . .      Spirit   .   (armour currently unavailable)
rPois   x          Reflect  .   (helmet currently unavailable)
rElec   .          Harm     .   (cloak currently unavailable)
rCorr   .          Rampage  .   (gloves currently unavailable)
Will    .....                   (boots currently unavailable)
Stlth   +.........              t - amulet of magic regeneration
HPRegen 0.19/turn               (no ring)
MPRegen 0.52/turn               (no ring)

@: spider-form (expiring)
A: venomous fangs, tiny
a: End Transformation, Renounce Religion


You were on level 5 of the Dungeon.
You worshipped Beogh.
Beogh was aware of your devotion.
You were a venomous arachnid creature.
You visited 1 branch of the dungeon, and saw 5 of its levels.

You collected 182 gold pieces.
You spent 90 gold pieces at shops.

Inventory:

Hand Weapons
 b - a +0 hunting sling
 A - a +0 whip of electrocution
 E - a +0 trident
 F - a +0 spear
 H - a +0 halberd
 I - a +0 spear
 L - a +2 vorpal battleaxe
Missiles
 o - 28 bolts
 p - 57 arrows
 v - 145 stones
 w - 32 sling bullets
 G - a throwing net
Armour
 a - a +0 robe (melded)
 f - a +0 pair of gloves (melded)
 h - a +0 ring mail
 B - a +0 chain mail
Jewellery
 t - an amulet of magic regeneration (around neck)
Scrolls
 c - 7 scrolls of identify {unknown}
 d - 4 scrolls of teleportation
 e - a scroll of holy word {unknown}
 g - a scroll of vulnerability {unknown}
 i - 2 scrolls of enchant armour {unknown}
 k - a scroll of brand weapon {unknown}
 q - a scroll of immolation {unknown}
 r - 3 scrolls of enchant weapon {unknown}
 y - a scroll of fog {unknown}
 z - a scroll of noise
 C - 2 scrolls of magic mapping {unknown}
 D - a scroll of amnesia
 J - a scroll of blinking {unknown}
Potions
 j - a potion of lignification {unknown}
 l - a potion of mutation {unknown}
 m - a potion of invisibility {unknown}
 n - a potion of curing
 s - a potion of brilliance {unknown}
 u - 2 potions of degeneration {unknown}
 x - 3 potions of heal wounds {unknown}
 K - a potion of haste {unknown}


   Skills:
 - Level 3.0 Fighting
 - Level 2.0 Dodging
 - Level 7.0 Unarmed Combat
 - Level 2.0 Spellcasting
 - Level 2.0 Transmutations
 - Level 2.0 Poison Magic
 + Level 5.6 Invocations


You had 2 spell levels left.
You knew the following spells:

 Your Spells              Type           Power      Damage    Failure   Level
a - Beastly Appendage     Tmut           14%        N/A       24%         1
p - Spider Form           Tmut/Pois      7%         N/A       50%         3
q - Ice Form              Ice/Tmut       4%         N/A       93%         4

Your spell library contained the following spells:

 Spells                   Type           Power      Damage    Failure   Level
 Wereblood                Tmut           7%         N/A       32%         2
 Blink                    Tloc           2%         N/A       54%         2
 Gell's Gravitas          Tloc           1%         N/A       75%         3
 Lesser Beckoning         Tloc           1%         N/A       75%         3
 Teleport Other           Tloc           1%         N/A       75%         3
 Manifold Assault         Tloc           1%         N/A       100%        5
 Storm Form               Tmut/Air       2%         N/A       100%        7


Dungeon Overview and Level Annotations

Branches:
Dungeon (5/15)
 Temple: D:4-7

Altars:
Dithmenos
Qazlal
Sif Muna
Trog

Shops:
D:2 ?   D:5 [

Annotations:
D:5 Pikel


Message History

A lemure comes into view.
Pikel says, "I touched Geryon's horn once."
You bite the shadow imp!
The shadow imp is severely wounded.
The shadow imp misses you.
You bite the shadow imp!
You kill the shadow imp!
Beogh accepts your kill.
Your transformation is almost over.
You hit Pikel.
Pikel is lightly wounded.
Pikel barely misses you.
You hit Pikel but do no damage.
Pikel is lightly wounded.
You hit Pikel but do no damage.
Pikel is poisoned.
Pikel is lightly wounded.
Pikel hits you with a +1 whip of electrocution!
You hit Pikel.
Pikel is lightly wounded.
Pikel closely misses you.
You hit Pikel but do no damage.
Pikel looks as sick as possible!
Pikel is lightly wounded.
Pikel closely misses you.
You closely miss Pikel.
Pikel is lightly wounded.
Pikel completely misses you.
You hit Pikel.
Pikel is moderately wounded.
Pikel completely misses you.
You hit Pikel.
Pikel looks as sick as possible!
Pikel is heavily wounded.
You hear the brisk hiss of an avalanche of sand very nearby.
Pikel hits you with a +1 whip of electrocution!
* * * LOW HITPOINT WARNING * * *
You bite Pikel!
Pikel is severely wounded.
Pikel hits you with a +1 whip of electrocution.
* * * LOW HITPOINT WARNING * * *
You are electrocuted!
You die...

### #.##
######..######..
#....$$.sK555...
..####.####5##..
. #.# .. #.# ..
#.## ... #..#
... ##.# ##. #.#
# #.#


You could see Pikel (resistant, extremely poisoned) and 4 lemures.

Vanquished Creatures
  Eustachio (D:5)
  3 scorpions
  A water moccasin skeleton (D:4)
  A howler monkey (D:5)
  A centaur zombie (D:5)
  3 iguanas
  2 orc wizards
  4 gnolls (D:4)
  5 adders
  A shadow imp (D:5)
  A white imp (D:4)
  An ufetubus (D:5)
  An adder skeleton (D:4)
  2 worms (D:4)
  3 dart slugs
  13 orcs
  3 bats
  7 endoplasms
  2 giant cockroaches
  8 goblins
  9 hobgoblins
  2 jackals (D:5)
  10 kobolds
  2 quokkas
  7 ball pythons
  A frilled lizard (D:1)
  6 rats
100 creatures vanquished.

Notes
Turn   | Place    | Note
-------+----------+-------------------------------------------
     0 | D:1      | avis the Hill Orc Transmuter began the quest for the Orb.
     0 | D:1      | Reached XP level 1. HP: 16/16 MP: 3/3
   293 | D:1      | Reached XP level 2. HP: 22/25 MP: 0/4
   897 | D:1      | Reached XP level 3. HP: 31/31 MP: 3/5
   901 | D:1      | Learned a level 3 spell: Spider Form
  1086 | D:1      | Reached skill level 4 in Unarmed Combat
  1398 | D:2      | Found Pip Asme's Magic Scroll Shoppe.
  1461 | D:2      | Found a faded altar of an unknown god.
  1567 | D:2      | HP: 1/31 [adder (3)]
  1969 | D:2      | Reached XP level 4. HP: 36/38 MP: 6/6
  2206 | D:2      | You fall into a shaft and drop 1 floor!
  2422 | D:3      | Reached skill level 5 in Unarmed Combat
  2422 | D:3      | Reached XP level 5. HP: 38/45 MP: 6/8
  2790 | D:2      | Bought a scroll of noise for 12 gold pieces
  2790 | D:2      | Bought a scroll of teleportation for 36 gold pieces
  3012 | D:3      | Found a stormy altar of Qazlal.
  3012 | D:3      | Found a shimmering blue altar of Sif Muna.
  3012 | D:3      | Found a shadowy altar of Dithmenos.
  3150 | D:3      | Became a worshipper of Beogh the Brigand
  3827 | D:2      | Bought a scroll of amnesia for 42 gold pieces
  3923 | D:4      | Reached skill level 1 in Poison Magic
  4315 | D:4      | Reached XP level 6. HP: 51/51 MP: 9/9
  4384 | D:4      | Reached skill level 1 in Invocations
  4651 | D:4      | Found a bloodstained altar of Trog.
  4840 | D:4      | Reached * piety under Beogh
  5237 | D:4      | Reached skill level 6 in Unarmed Combat
  5353 | D:4      | Reached XP level 7. HP: 22/57 MP: 8/10
  5798 | D:4      | Upgraded the game from 0.29-a0-22-gbf593b16ee to
                  | 0.29-a0-23-ga79f92ac9c
  5803 | D:4      | Learned a level 4 spell: Ice Form
  5892 | D:5      | Entered Level 5 of the Dungeon
  5893 | D:5      | Noticed Eustachio
  5903 | D:5      | Killed Eustachio
  5911 | D:5      | Found Dating's Armour Shop.
  5915 | D:5      | Reached skill level 7 in Unarmed Combat
  6132 | D:5      | Reached skill level 5 in Invocations
  6249 | D:5      | Noticed Pikel
  6264 | D:5      | Slain by Pikel

Illustrated notes

Levels and vault maps discovered:
D:1:      dpeg_arrival_lava_temple_mockup, layout_loops_ring,
          minmay_misc_feat_cross
D:2:      layout_basic, serial_shops, nicolae_diamond_shop,
          chequers_ecumenical_altar_twisty, kennysheep_big_empty_room,
          minmay_misc_feat_room
D:3:      layout_basic, gammafunk_temple_overflow_claw, serial_curves,
          eino_curves_03, eino_curves_04
D:4:      layout_loops_cross, trog_hazing_becter
D:5:      layout_rooms, chequers_ossuary_entry_cave, serial_shops,
          nicolae_shop_crystal, uniq_pikel, uniq_eustachio

Skill      XL: |  1  2  3  4  5  6  7 |
---------------+----------------------+-----
Fighting       | 2 3 |  3.0
Unarmed Combat | 4 5 6 7 |  7.0
Dodging        | 2 |  2.0
Spellcasting   | 2 |  2.0
Transmutations | 2 |  2.0
Poison Magic   | 2 |  2.0
Invocations    | 3 5 |  5.6

Action                   |  1- 3 |  4- 6 |  7- 9 || total
-------------------------+-------+-------+-------++-------
Melee: Unarmed           |    90 |   121 |    54 ||   265
       Kick              |    13 |    13 |     1 ||    27
       Headbutt          |     6 |    10 |     3 ||    19
       Punch             |     1 |     2 |       ||     3
 Fire: Hunting sling     |       |    76 |     6 ||    82
 Cast: Beastly Appendage |    25 |    12 |     1 ||    38
       Spider Form       |       |    12 |     8 ||    20
Invok: Convert to Beogh  |       |     1 |       ||     1
  Use: Potion            |       |     1 |       ||     1
 Stab: Sleeping          |     1 |     2 |     1 ||     4
Armor: Robe              |    25 |    24 |     6 ||    55
       Skin              |       |     2 |     1 ||     3
Dodge: Dodged            |    51 |    84 |    51 ||   186

Table legend: (Time is in decaauts)
 A = Elapsed time spent in this place.
 B = Non-inter-level travel time spent in this place.
 C = Inter-level travel time spent in this place.
 D = Time resting spent in this place.
 E = Time spent auto-exploring this place.
 F = Levels seen in this place.
 G = Mean time per level.
                   A        B        C        D        E       F      G
               +--------+--------+--------+--------+--------+-----+--------+
         Total |   6254 |   5342 |    912 |   1771 |   2063 |   5 | 1250.8 |
       Dungeon |   6254 |   5342 |    912 |   1771 |   2063 |   5 | 1250.8 |
               +--------+--------+--------+--------+--------+-----+--------+

Top non-repeatable levels by time:
     D:4: 1669 daAuts
     D:3: 1662 daAuts
     D:2: 1414 daAuts
     D:1: 1301 daAuts
     D:5: 207 daAuts
